Cogmind - Beta 15 @@@ ROGUE MODE // 2025.06.24 @ 18:35:32 Player: LameThyst Result: Destroyed by H-61 Shepherd with Heavy Assault Cannon Performance ------------- Evolutions (2) 1000 Regions Visited (3) 600 Robots Destroyed (36) 180 Value Destroyed (1170) 1170 Prototype IDs (4) 80 Alien Tech Used (0) 0 Bonus (200) 200 TOTAL SCORE: 3230 Bonus ------- Pacifist 200 Cogmind --------- Core Integrity 0/550 Matter 222/300 Energy 145/160 System Corruption 0% Temperature Cool (24) Movement Walking (130) Location -8/Materials Parts ------- > --- POWER (1) -------- Light Nuclear Core > --- PROPULSION (4) --- Improved Titanium Leg Improved Titanium Leg > --- UTILITY (3) ------ Large Storage Unit Signal Interpreter > --- WEAPON (3) ------- Heavy Assault Rifle Heavy Assault Rifle > --- INVENTORY (15) --- Light Nuclear Core Improved Titanium Leg Disposable Heat Sink Coolant Injector Compact Matter Pod (57) Reaction Control System Heavy Assault Rifle Improved Light Cannon Great Maul Peak State ------------ > --- POWER ------------ Light Angular Momentum Engine > --- PROPULSION ------- Carbon-fiber Leg Carbon-fiber Leg Improved Titanium Leg Improved Titanium Leg > --- UTILITY ---------- Large Storage Unit Signal Interpreter Hardened Light Armor Plating > --- WEAPON ----------- Heavy Assault Rifle Assault Cannon Great Maul > --- INVENTORY -------- Light Nuclear Core Improved Titanium Leg Improved Titanium Leg Disposable Heat Sink Coolant Injector Large Battery Heavy EM Shotgun Beam Rifle Beam Rifle Beam Rifle Particle Gun Light Assault Rifle Light Assault Rifle Heavy Assault Rifle Maul [Rating: 34] Favorites ----------- Power Ion Engine Engine Ion Engine Power Core Light Nuclear Core Propulsion Improved Titanium Leg Leg Improved Titanium Leg Utility Signal Interpreter Storage Small Storage Unit Processor Signal Interpreter Protection Hardened Light Armor Plating Weapon Beam Rifle Energy Gun Beam Rifle Ballistic Gun Light Assault Rifle Ballistic Cannon Assault Cannon Launcher Missile Launcher Impact Weapon Maul Build | -11 -10 -9 -8 ------- Run | Yrd Mat Mat Mat Slots Evolved 4 | . . 2 2 Power . | . . . . Propulsion 2 | . . 1 1 Utility 1 | . . 1 . Weapon 1 | . . . 1 Parts Attached 44 | 6 5 6 27 Power 10 | 1 2 3 4 Engine 7 | 1 2 3 1 Core 3 | . . . 3 Reactor . | . . . . Propulsion 13 | 2 . 1 10 Treads . | . . . . Leg 13 | 2 . 1 10 Wheel . | . . . . Hover . | . . . . Flight . | . . . . Utility 6 | 1 2 1 2 Device . | . . . . Storage 3 | 1 . . 2 Processor 1 | . 1 . . Hackware . | . . . . Protection 2 | . 1 1 . Artifact . | . . . . Weapon 15 | 2 1 1 11 Energy Gun 5 | . . . 5 Energy Cannon . | . . . . Ballistic Gun 5 | 2 . 1 2 Ballistic Cannon 2 | . . . 2 Launcher 1 | . . . 1 Special Weapon . | . . . . Impact Weapon 2 | . 1 . 1 Slashing Weapon . | . . . . Piercing Weapon . | . . . . Special Melee Weapon . | . . . . Unidentified Prototypes . | . . . . Parts Lost 14 | . . 1 13 Power 2 | . . . 2 Propulsion 4 | . . . 4 Utility 1 | . . . 1 Weapon 7 | . . 1 6 Highest Loss Streak 7 | . . 1 7 To Critical Strikes . | . . . . Average Backups 9 | 2 7 7 11 Power . | . 1 1 1 Propulsion 1 | 1 2 1 1 Utility 2 | . 1 2 3 Weapon 4 | . 1 2 5 Tool/Special . | . . . . Unused Backups 16 | . 3 3 10 Power 2 | . . . 2 Propulsion 4 | . 2 2 . Utility 6 | . 1 . 5 Weapon 4 | . . 1 3 Tool/Special . | . . . . Average Slot Usage (%) 97 | . 94 95 98 Engine 8 | . 14 11 5 Core 1 | . . . 3 Leg 32 | . 28 29 35 Storage 11 | . 14 11 12 Processor 8 | . . 11 9 Protection 7 | . 8 11 5 Energy Gun 6 | . . . 10 Ballistic Gun 12 | . 19 15 8 Ballistic Cannon 2 | . . . 4 Impact Weapon 4 | . 8 5 2 Peak Build Rating 34 | 6 10 13 34 Average Rating 20 | 4 8 10 30 On Entrance 7 | . 6 9 13 Naked Turns . | . . . . Heaviest Build 46 | 11 20 21 46 Greatest Support 80 | 20 20 30 80 Greatest Overweight (x) 1 | 1 . . . Average Overweight (x) . | . . . . Largest Inventory Capacity 15 | 8 8 8 15 Average Capacity 10 | 6 8 8 13 Most Carried 15 | 6 8 8 15 Average Carried 9 | 3 7 7 11 Final Capacity 15 | 8 8 8 15 Final Carried 9 | 6 8 7 9 Class Distribution -------------------- 54% | Mutant 22% | Tank 8% | Scavenger-Gunner 6% | Scavenger-Mutant 6% | Scavenger-Tank Dominant Class ---------------- Mutant | -10/Materials Mutant | -9/Materials Tank | -8/Materials Resources | -11 -10 -9 -8 ----------- Run | Yrd Mat Mat Mat Matter Collected 1182 | 179 . 297 706 Remotely . | . . . . Salvage Created 1304 | . . 342 962 Parts 75 | . . 20 55 Haulers Intercepted 1 | . . 1 . Recyclers Shooed 2 | . . . 2 Parts Field Recycled . | . . . . Retrieved Matter . | . . . . Parts Self-Destructed . | . . . . Prevented . | . . . . Kills | -11 -10 -9 -8 ------- Run | Yrd Mat Mat Mat Combat Hostiles Destroyed 32 | . . 9 23 Melee 7 | . . 5 2 Guns 16 | . . 3 13 Cannons 5 | . . . 5 AOE 1 | . . . 1 Classes Destroyed 8 | . . 4 4 Worker 1 | . . . 1 Hauler 1 | . . 1 . Recycler 1 | . . . 1 Operator 1 | . . . 1 Swarmer 10 | . . 4 6 Grunt 10 | . . 2 8 Sentry 8 | . . 3 5 Specialist 4 | . . . 4 Best Kill Streak 6 | . . 4 6 Combat Bots Only 4 | . . 4 4 Max Kills in Single Turn 2 | . . 1 2 Gunslinging . | . . . . Exploded 1 | . . . 1 Melee 1 | . . 1 1 Uniques/NPCs Destroyed . | . . . . Combat | -11 -10 -9 -8 -------- Run | Yrd Mat Mat Mat Hostile Shots Fired 236 | . . 52 184 Missed 67 | . . 22 45 Hits 169 | . . 30 139 Projectile 169 | . . 30 139 AOE 1 | . . . 1 Critical Strikes 6 | . . 1 5 Damage Taken 2691 | . . 360 2331 Core 591 | . . 34 557 Absorbed by Shields . | . . . . Core Remaining (%) 97 | 100 100 91 . Volleys Fired 84 | . . 30 54 Largest 3 | . . 2 3 Hottest 157 | . . 40 157 Shots Fired 197 | . . 50 147 Gun 159 | . . 50 109 Cannon 33 | . . . 33 Launcher 5 | . . . 5 Special . | . . . . Kinetic 133 | . . 50 83 Thermal 59 | . . . 59 Explosive 5 | . . . 5 Electromagnetic . | . . . . Robot Hit Streak 14 | . . 9 14 Robot Miss Streak 5 | . . 2 5 Penetration Max . | . . . . Secondary Targets 1 | . . 1 . Max Gunslinging Chain 1 | . . 1 . Shots Hit Robots 146 | . . 44 102 Core Hits 57 | . . 12 45 Critical Kills 1 | . . . 1 Critical Parts Destroyed 4 | . . 3 1 Critical Strikes 10 | . . 3 7 Burn 3 | . . . 3 Destroy 1 | . . 1 . Blast 1 | . . . 1 Smash 5 | . . 2 3 Melee Attacks 27 | . . 14 13 Impact 27 | . . 14 13 Slashing . | . . . . Piercing . | . . . . Sneak Attacks 1 | . . 1 . Combat Hostiles . | . . . . Follow-up Attacks . | . . . . Damage Inflicted 3232 | . . 779 2453 Guns 1474 | . . 350 1124 Cannons 409 | . . . 409 Explosions 522 | . . . 522 Melee 827 | . . 429 398 Ramming . | . . . . Kinetic 1198 | . . 350 848 Thermal 685 | . . . 685 Explosive 522 | . . . 522 Electromagnetic . | . . . . Impact 827 | . . 429 398 Slashing . | . . . . Piercing . | . . . . Highest Corruption . | . . . . Average Corruption . | . . . . Corruption Purged . | . . . . Corruption Blocked . | . . . . Overload Shots . | . . . . Overflow Damage 212 | . . 132 80 Projectiles . | . . . . Explosions 18 | . . . 18 Melee 194 | . . 132 62 Knockbacks 7 | . . . 7 Impact . | . . . . Kinetic 7 | . . . 7 Secondary . | . . . . Self-Inflicted Damage 47 | . . . 47 Shots 2 | . . . 2 Rammed . | . . . . Targets Rammed . | . . . . Kicked . | . . . . Crushed . | . . . . Highest Temperature 499 | . . 31 499 Average Temperature 141 | . . 6 163 Received Heat Transfer 675 | . . 117 558 Effects 16 | . . . 16 Shutdowns 5 | . . . 5 Energy Bleed 4 | . . . 4 Interference 6 | . . . 6 Short Circuit 1 | . . . 1 Siege Activations . | . . . . Martial Activations . | . . . . Shielding Activations . | . . . . Robots Disrupted . | . . . . Combat Hostiles . | . . . . Robots Corrupted 3 | . . 1 2 Combat Hostiles 3 | . . 1 2 Parts Fried 6 | . . 3 3 Impact Corruptions 9 | . . 6 3 Robots Melted . | . . . . Combat Hostiles . | . . . . Parts Melted 2 | . . . 2 Heat Transferred 1924 | . . . 1924 Parts Sabotaged . | . . . . Parts Stolen . | . . . . Parts Stripped . | . . . . Power Chain Reactions . | . . . . Alert | -11 -10 -9 -8 ------- Run | Yrd Mat Mat Mat Maximum Alert Level 1 | . . . 1 Low Security (%) 99 | 100 100 100 99 Level 1 . | . . . . Level 2 . | . . . . Level 3 . | . . . . Level 4 . | . . . . Level 5 . | . . . . High Security . | . . . . Max Security . | . . . . Peak Influence 204 | . . 80 204 Initial 24 | . . . 24 Average 43 | . . 32 60 Influence Increases 929 | . . 252 677 Destroy 0b10 Robot/C 640 | . . 180 460 Destroy 0b10 Robot/NC 20 | . . 5 15 Destroy Leader 152 | . . 42 110 Successful Hack 31 | . . 10 21 Destroy Structure 41 | . . . 41 Lose Combat Pursuer 45 | . . 15 30 Influence Decreases 775 | . . 195 580 Entered New Map 33 | . . . 33 Time Decay 542 | . . 185 357 Lost Part 130 | . . 10 120 Purge Threat 70 | . . . 70 Squads Dispatched 4 | . . . 4 Investigation . | . . . . Extermination . | . . . . Reinforcement 4 | . . . 4 Assault . | . . . . Garrison . | . . . . Intercept . | . . . . Searches Triggered . | . . . . Construction Impeded . | . . . . Haulers Reinforced . | . . . . Active Scanning Responses . | . . . . Cargo Convoy Interrupts . | . . . . Stealth | -11 -10 -9 -8 --------- Run | Yrd Mat Mat Mat Distress Signals . | . . . . Communications Jammed . | . . . . Distress Signals . | . . . . Times Spotted 48 | . 1 12 35 Peak Tracking Total 5 | . 1 4 5 Tactical Retreats 3 | . . 1 2 Traps | -11 -10 -9 -8 ------- Run | Yrd Mat Mat Mat Traps Triggered . | . . . . Indirectly . | . . . . Trap Hack Attempts . | . . . . Triggered . | . . . . Disarmed . | . . . . Reprogrammed . | . . . . Reused . | . . . . Traps Extracted . | . . . . Installed . | . . . . Triggered . | . . . . Machines | -11 -10 -9 -8 ---------- Run | Yrd Mat Mat Mat Machines Disabled . | . . . . Max in Single Turn . | . . . . Machines Repaired . | . . . . Machines Dismantled . | . . . . Machines Sabotaged . | . . . . Overloaded Fab Kills . | . . . . Hacking | -11 -10 -9 -8 --------- Run | Yrd Mat Mat Mat Machines Accessed 8 | . 2 2 4 Terminals 5 | . 1 1 3 Fabricators . | . . . . Repair Stations 2 | . . 1 1 Recycling Units 1 | . 1 . . Scanalyzers . | . . . . Garrison Access . | . . . . Total Hacks 21 | . 5 5 11 Successful 13 | . 4 3 6 Failed 8 | . 1 2 5 Catastrophic . | . . . . Database Lockouts . | . . . . Manual . | . . . . Terminals 13 | . 2 2 9 Fabricators . | . . . . Repair Stations 5 | . . 3 2 Recycling Units 3 | . 3 . . Scanalyzers . | . . . . Garrison Access . | . . . . Terminal Hacks 9 | . 1 2 6 Prototype ID Bank 2 | . 1 1 . Emergency Access Points 2 | . . . 2 Unreport Threat 1 | . . . 1 Hauler Manifests 1 | . . . 1 Registered Components 1 | . . . 1 Zone Layout 2 | . . 1 1 Fabricator Hacks . | . . . . Repair Station Hacks 1 | . . 1 . Scan Component 1 | . . 1 . Recycling Unit Hacks 3 | . 3 . . Retrieve Matter 2 | . 2 . . Retrieve Components 1 | . 1 . . Scanalyzer . | . . . . Garrison Access Hacks . | . . . . Unauthorized Hacks . | . . . . Terminals . | . . . . Fabricators . | . . . . Repair Stations . | . . . . Recycling Units . | . . . . Scanalyzers . | . . . . Garrison Access . | . . . . Data Cores Recovered 1 | . . . 1 Used 1 | . . . 1 Hacking Detections 5 | . 1 1 3 Full Trace Events . | . . . . Feedback Events . | . . . . Feedback Blocked . | . . . . Robot Schematics Acquired . | . . . . Robots Built . | . . . . Authchips . | . . . . Time . | . . . . Total Robot Build Rating . | . . . . Part Schematics Acquired . | . . . . Parts Built . | . . . . Authchips . | . . . . Time . | . . . . Total Part Build Rating . | . . . . Parts Repaired . | . . . . Time . | . . . . Parts Recycled . | . . . . Recycled Matter . | . . . . Retrieved Matter . | . . . . Retrieved Components 2 | . 2 . . Parts Scanalyzed . | . . . . Part Schematics Acquired . | . . . . Parts Damaged . | . . . . Bothacking | -11 -10 -9 -8 ------------ Run | Yrd Mat Mat Mat Used RIF Installer . | . . . . Robots Hacked . | . . . . Non-combat . | . . . . Combat . | . . . . Robot Hacks Applied . | . . . . Relay Couplers Released . | . . . . Fabnet Peak Effective % . | . . . . Robots Rewired . | . . . . Allies Hacked . | . . . . Hacks Repelled . | . . . . Allies | -11 -10 -9 -8 -------- Run | Yrd Mat Mat Mat Total Allies . | . . . . Largest Group . | . . . . Highest-Rated Group . | . . . . Highest-Rated Ally . | . . . . Total Orders . | . . . . Ally Attacks . | . . . . Total Damage . | . . . . Kills . | . . . . Allies Corrupted . | . . . . Allies Melted . | . . . . Intel | -11 -10 -9 -8 ------- Run | Yrd Mat Mat Mat Active Infowar (turns) . | . . . . Robot Analysis Total . | . . . . Derelict Logs Recovered . | . . . . Drone Launches . | . . . . Drone Recoveries . | . . . . Exploration | -11 -10 -9 -8 ------------- Run | Yrd Mat Mat Mat Turns Passed 1814 | 75 181 564 994 Spaces Moved 1008 | 51 136 336 485 Core 4 | 4 . . . Treads . | . . . . Legs 1004 | 47 136 336 485 Wheels . | . . . . Hover . | . . . . Flight . | . . . . Fastest Speed 50 | 50 120 120 120 Average Speed 123 | 118 120 120 126 Slowest Speed 190 | 190 120 120 130 Overloaded Moves . | . . . . Propulsion Burnouts . | . . . . Robots Hopped . | . . . . Potential Cave-ins . | . . . . Cave-ins Triggered . | . . . . Exploration Rate (%) 23 | 3 27 26 38 Regions Visited 3 Branch Regions . Pre-discovered Areas . | . . . . Known Exits Taken 2 | . 1 1 . Unknown Exits Taken 1 | 1 . . . Scrap Searched . | . . . . Spaces Dug . | . . . . Terrain Destroyed 50 | . . . 50 Melee . | . . . . Projectile 9 | . . . 9 AOE 41 | . . . 41 Terrain Rammed . | . . . . Walls Destroyed . | . . . . Machines Disabled . | . . . . Actions | -11 -10 -9 -8 --------- Run | Yrd Mat Mat Mat Total 1367 | 62 154 427 724 Wait 119 | . 2 32 85 Move 1005 | 50 135 335 485 Hop . | . . . . Pick Up 34 | 6 6 3 19 Fast Attach 18 | 6 3 2 7 Attach 8 | . . 1 7 Detach 2 | . . . 2 Swap 37 | . 2 4 31 Drop 33 | . 6 6 21 Fire 84 | . . 30 54 Melee 27 | . . 14 13 Ram . | . . . . Kick . | . . . . Crush . | . . . . Escape Stasis . | . . . . Rewire . | . . . . Trap . | . . . . Miscellaneous . | . . . . Route ------- -11/Scrapyard -10/Materials -9/Materials -8/Materials (discovered 1 exit: [*Sto]) History --------- Turn | Location | Event 3 | -11/Scrapyard | Discovered new exit (range 15) 76 | -11/Scrapyard | Entered Materials 243 | -10/Materials | Discovered new exit (range 10) 256 | -10/Materials | Identified exit to Materials 257 | -10/Materials | Entered another Materials area 257 | -9/Materials | Evolved 2 slots: Propulsion x1, Utility x1 316 | -9/Materials | Build established: Mutant 793 | -9/Materials | Discovered new exit (range 12) 817 | -9/Materials | Identified exit to Materials 821 | -9/Materials | Entered another Materials area 821 | -8/Materials | Evolved 2 slots: Propulsion x1, Weapon x1 1544 | -8/Materials | Discovered new exit (range 6) 1726 | -8/Materials | Core integrity fell below 50% 1746 | -8/Materials | Lost 4 parts (1n3w) 1801 | -8/Materials | Core integrity fell below 20% 1815 | -8/Materials | Destroyed by H-61 Shepherd with Heavy Assault Cannon Last Messages --------------- 01801_ K-01 Serf collects debris. 01803_ K-01 Serf destroyed. 01805_ Acquired VSS Leg. 01806_ X-57 Shotgunner destroyed. 01806_ R-06 Scavenger collects Corrupted Shotgun. 01806_ Carbon-fiber Leg destroyed. 01806_ Beam Rifle destroyed. 01808_ Assault Cannon destroyed. 01811_ Lrg. Battery destroyed. 01812_ R-06 Scavenger collects Com. Wheel. 01813_ U-05 Engineer lays Concrete. 01813_ H-61 Shepherd calls for reinforcements. 01813_ ALERT: Hostile activity reported, dispatching reinforcements to area. 01813_ Penetrated by Slug. 01814_ The unstable cave ceiling collapses. 01814_ U-05 Engineer lays Concrete. 01815_ Beam Rifle destroyed. 01815_ VSS Leg blasted off. Map ----- +----------------------------------------------------+ | ???????????????# #???#??????????????????? | | ???????????????# !#?? #??????????????????? | | ???????????????# " " #?? #??????????????????? | | ???????????????# "R" !#?? #??????????????????? | | ???????????????# """ ### ###????????????????? | | ???????????????######+### #????????????????? | | ???????????????????# T #######??????????? | | ???????????????????# "" #??????????? | | ???????????????????# ##### #??????????? | | ???????????????????# #????????????????? | | ???????????????????# ##+###????????????????? | | ???????????????????+ +????????????????????? | | ???????????????????# ####????????????????????? | | ???????????????????# #???????????????????????? | | ????????????????#####+#####????????????????????? | | ????????????????# #????????????????????? | | ????????????????# #????????????????????? | | ????????????????# #????????????????????? | | ???????????????## ##???????????????????? | | ??????????????## ! ##??????????????????? | | ??????????????# # ##?????????????????? | | ??????????????# ##????????????????? | | ??????????????# *= % #????????????????? | | ???????????#### /###### %%%r##?#?????????=???? | | ???????????# [ ##=#[ # ##### #???????? | | ???????????# [ ##%#@% % ; ??????? | | ???????????# ####%*% ##### #???????? | | ???????????# !!!#??##!H #?????????? | | ???????????# !! #???#%! / +?????????? | | ???????????# !! #???#*% #= #?????????? | | ??????????# #???# #? #?????????? | | ??????????## #???# #??! #?????????? | | ???????????#####+#####???# u #????#?????????? | | ??????????????? ???????####g###??????????????? | | ??????????????? ??????????? g????????????????? | | ??????????????? ??????????? g????????????????? | | ??????????????? ?????????? ???????????????? | | ?????????????? ??????????+##???????????????? | | ????????????????###????????????????????????????? | | ????????????????????????????????????????????]??? | | ???????????????????????????????????????????????? | | ???????????????????????????????????????????????? | | ???????????????????????????????????????????????? | | ???????????????????????????????????????????????? | | ???????????????????????????????????????????????? | | ???????????????????????????????????????????????? | | ???????????????????????????????????????????????? | | ???????????????????????????????????????????????? | | ???????????????????????????????????????????????? | | ???????????????????????????????????????????????? | +----------------------------------------------------+ Best States ------------- Heat Dissipation 31 Energy Generation 18 Energy Capacity 360 Matter Stores 300 Matter Capacity 300 Sight Range 16 Terrain Scan Density 10 Armor Coverage 150 Evasion (%) 55 Item Schematics ----------------- None Robot Schematics ------------------ None Fabricated ------------ Nothing Repaired ---------- Nothing Alien Tech Used ----------------- None Achievements -------------- None Challenges ------------ None Game ------ Seed BiometalEfficiencyMatterbank Manual? 0 Play Time 00:41:52 Cumulative 20.3 hours Start 2025.06.24 @ 17:06:23 End 2025.06.24 @ 18:35:32 Sessions 2 Manual Loads 0 Difficulty Rogue Special Mode None Game No. 27 Rogue 27 Adventurer 0 Explorer 0 Win Type - Total 0 Types 0/0/0/0/0/0/0/0/0/0 Lore% 9 Gallery% 22 Achievement% 17 Wizard Run 0 Options --------- Layout 1 ASCII 0 Keyboard 0 Movement Mouse Keybinds 0 Fullscreen 2 Font 48/Smallcaps Map View 50x35 Zoom Use 0% Tactical HUD 1 Map Filters NONE Filters NONE Steam 0 RUN: 2411c029-529a-4493-8594-6048c589bce7